 Dungeon Crawl Stone Soup version 0.18.1-50-g88ac8fd (webtiles) character file.

270 lorenzova the Poker (level 6, -1/49 HPs)
             Began as a Merfolk Skald on Oct 18, 2016.
             Slain by a phantom (5 damage)
             ... on level 4 of the Dungeon.
             The game lasted 00:04:49 (2617 turns).

lorenzova the Poker (Merfolk Skald)                 Turns: 2617, Time: 00:04:49

Health: -1/49      AC:  6    Str: 14    XL:     6   Next: 22%
Magic:  6/9        EV: 12    Int: 12    God:
Gold:   191        SH:  0    Dex: 13    Spells: 2 memorised, 6 levels left

rFire  . . .     SeeInvis +     a - +0 spear
rCold  . . .     Gourm    .     v - +0 ring mail
rNeg   . . .     Faith    .     (no shield)
rPois  .         Spirit   .     (no helmet)
rElec  .         Dismiss  .     (no cloak)
rCorr  .         Reflect  .     (no gloves)
SustAt .         Harm     .     u - +0 pair of boots
MR     .....                    j - amulet of magic regeneration
Stlth  +.........               (no ring)
                                l - ring of see invisible

@: infused, not resistant to hostile enchantments, very unstealthy
A: change form in water, swift swim
a: no special abilities


You were on level 4 of the Dungeon.
You were very hungry.

You visited 1 branch of the dungeon, and saw 4 of its levels.

You collected 191 gold pieces.

Inventory:

Hand Weapons
 a - a +0 spear (weapon)
Armour
 b - a +0 leather armour
 u - a +0 pair of boots (worn)
 v - a +0 ring mail (worn)
Jewellery
 j - an amulet of magic regeneration (around neck)
 l - a ring of see invisible (left hand)
Scrolls
 f - 4 scrolls of remove curse {unknown}
 h - 2 scrolls of teleportation {unknown}
 m - a scroll of enchant armour {unknown}
 n - 3 scrolls of amnesia
 o - a scroll of fog
 p - a scroll of noise
 t - 2 scrolls of magic mapping {unknown}
 w - a scroll of enchant weapon {unknown}
Potions
 e - 2 potions of heal wounds
 i - 2 potions of flight
 k - 2 potions of ambrosia
 r - a potion of mutation {unknown}
 s - 2 potions of curing {unknown}
Books
 c - a book of Battle

   Spells                             Type                      Level
   a - Infusion                       Charms                       1
   b - Shroud of Golubria             Charms/Translocation         2
   c - Song of Slaying                Charms                       2
   d - Spectral Weapon                Hexes/Charms                 3
   e - Regeneration                   Charms/Necromancy            3
Comestibles
 d - 3 bread rations
 g - 2 beef jerkies
 q - a slice of pizza


   Skills:
 + Level 4.6 Fighting
 + Level 5.7 Polearms
 - Level 0.6 Armour
 + Level 4.3 Dodging
 - Level 2.0 Spellcasting
 - Level 3.2 Charms


You had 6 spell levels left.
You knew the following spells:

 Your Spells              Type           Power        Failure   Level  Hunger
a - Infusion              Chrm           #...         17%         1    ##.....
b - Song of Slaying       Chrm           #.......     24%         2    ###....


Dungeon Overview and Level Annotations

Branches:
Dungeon (4/15)
 Temple: D:4-7

Altars:
Elyvilon
Trog


Message History

The phantom closely misses you.
You hit the phantom but do no damage.
The phantom is heavily damaged.
The phantom barely misses you.
You hit the phantom.
The phantom is heavily damaged.
The phantom hits you!
* * * LOW HITPOINT WARNING * * *
You are too injured to fight recklessly!
You are too injured to fight recklessly!
You are too injured to fight recklessly!
You hit the phantom.
The phantom is severely damaged.
The phantom hits you!
* * * LOW HITPOINT WARNING * * *
You barely miss the hound. The hound barely misses you.
You hit the hound.
The hound is moderately wounded.
The hound bites you but does no damage. The phantom hits you.
You die...

#####..##.#
#.# #..##.#
#.#
#..##.#####.#
#)..........#
#.###..####.#
#.# ##.####'##
#.#
##+##....##
#h#
(...#.....####
#@#
....#.........
#W#
..............
#.#
..............
#...#
.........#####
#####
##..#....#
####....#
##...# #...#
#.>.#


You could see a phantom and a hound.

Vanquished Creatures
  A phantom (D:3)
  An orc wizard (D:3)
  A giant frog skeleton (D:4)
  5 adders
  A worm (D:2)
  4 dart slugs
  A giant gecko (D:3)
  5 orcs (D:3)
  A giant cockroach (D:2)
  11 goblins
  8 hobgoblins
  A quokka (D:2)
  A ball python (D:2)
  7 bats
  7 giant newts
  7 kobolds
  15 rats
77 creatures vanquished.

Notes
Turn   | Place    | Note
--------------------------------------------------------------
     0 | D:1      | lorenzova the Merfolk Skald began the quest for the Orb.
     0 | D:1      | Reached XP level 1. HP: 16/16 MP: 3/3
   128 | D:1      | Reached XP level 2. HP: 22/23 MP: 0/5
   249 | D:1      | Learned a level 2 spell: Song of Slaying
   680 | D:2      | Reached XP level 3. HP: 28/28 MP: 6/6
   773 | D:2      | Reached skill level 4 in Polearms
  1146 | D:2      | Reached XP level 4. HP: 30/35 MP: 4/7
  1275 | D:2      | Found a white marble altar of Elyvilon.
  1638 | D:3      | Noticed a phantom
  1678 | D:3      | Killed a phantom
  1678 | D:3      | Reached skill level 5 in Polearms
  1678 | D:3      | Reached XP level 5. HP: 35/42 MP: 2/8
  2010 | D:3      | Reached XP level 6. HP: 43/49 MP: 9/9
  2405 | D:3      | Found a bloodstained altar of Trog.
  2586 | D:4      | Noticed a phantom
  2617 | D:4      | Slain by a phantom

Skill      XL: |  1  2  3  4  5 |
---------------+----------------+-----
Dodging        | 2 3 4 |  4.3
Fighting       | 3 4 |  4.6
Polearms       | 4 5 |  5.7
Armour         | |  0.6
Spellcasting   | |  2.0
Charms         | |  3.2

Action                   |  1- 3 |  4- 6 || total
-------------------------+-------+-------++-------
Melee: Spear             |    98 |   192 ||   290
 Cast: Infusion          |     5 |     6 ||    11
       Song of Slaying   |       |     2 ||     2
  Use: Scroll            |       |     7 ||     7
 Stab: Sleeping          |     1 |     5 ||     6
  Eat: Chunk             |       |     5 ||     5
Armor: Leather armour    |    22 |    19 ||    41
       Ring mail         |       |     4 ||     4
Dodge: Dodged            |    47 |    87 ||   134
